 Dungeon Crawl Stone Soup version 0.29.1-13-g9f3cf754e1 (webtiles) character file.

Game seed: 520008725806428056

984 javelincjr the Digger (level 8, 0/43 HPs)
             Began as a Gargoyle Earth Elementalist on Jan 23, 2023.
             Was an Initiate of Vehumet.
             Slain by an iron imp (6 damage)
             ... summoned by Eustachio
             ... on level 5 of the Dungeon.
             The game lasted 00:21:19 (5407 turns).

javelincjr the Digger (Gargoyle Earth Elementalist) Turns: 5407, Time: 00:21:20

Health: 0/43       AC: 13    Str: 11    XL:     8   Next: 17%
Magic:  13/17      EV: 11    Int: 25    God:    Vehumet [......]
Gold:   155        SH:  0    Dex: 10    Spells: 17/19 levels left

rFire   + + .      SeeInvis .   k - +6 battleaxe of the New World {flame, Fragile rF+ Int+6}
rCold   + . .      Faith    .   (shield currently unavailable)
rNeg    + + .      Spirit   .   n - +3 leather armour "Exoudd" {Contam rF+ rC+}
rPois   ∞          Reflect  .   (no helmet)
rElec   +          Harm     .   (no cloak)
rCorr   .          Rampage  .   (no gloves)
Will    .....                   (no boots)
Stlth   ++........              (no amulet)
HPRegen 0.14/turn               d - ring of positive energy
MPRegen 0.15/turn               (no ring)

@: no status effects
A: sickness immunity, AC +5, negative energy resistance 1, electricity
resistance, torment resistance 1, petrification resistance, iridescent scales 1,
deterioration 1
a: Renounce Religion


You were on level 5 of the Dungeon.
You worshipped Vehumet.
Vehumet was noncommittal.
You visited 2 branches of the dungeon, and saw 6 of its levels.

You collected 155 gold pieces.

Inventory:

Hand Weapons
 k - the +6 battleaxe of the New World (weapon) {flame, Fragile rF+ Int+6}
   (You found it on level 5 of the Dungeon)

   It burns those it strikes, dealing additional fire damage.
   Big, fiery blades are also staple armaments of hydra-hunters.
   Int:       It affects your intelligence (+6).
   rF:        It protects you from fire.
   Fragile:   It will be destroyed if unequipped.
 q - a +1 dagger of venom
Missiles
 j - 3 poisoned darts
Armour
 g - the +2 robe "Jozanotu" {Harm Archmagi}
   (You took it off a goblin on level 4 of the Dungeon)

   Harm:      It increases damage dealt and taken.
   Archmagi:  It increases the power of your magical spells.
 n - the +3 leather armour "Exoudd" (worn) {Contam rF+ rC+}
   (You took it off a hobgoblin on level 2 of the Dungeon)

   rF:        It protects you from fire.
   rC:        It protects you from cold.
   Contam:    It causes magical contamination when unequipped.
Magical Staves
 h - a staff of cold
Jewellery
 d - a ring of positive energy (left hand)
Wands
 c - a wand of quicksilver (2)
Scrolls
 f - a scroll of teleportation
 o - a scroll of identify
Potions
 a - a potion of curing
 b - a potion of magic
 e - a potion of haste
 i - a potion of degeneration {unknown}
 l - a potion of invisibility
 m - a potion of flight


   Skills:
 + Level 1.1 Fighting
 + Level 0.3 Axes
 + Level 2.3 Armour
 + Level 2.1 Dodging
 + Level 3.0 Stealth
 + Level 6.1 Spellcasting
 + Level 0.7 Transmutations
 + Level 7.4 Earth Magic


You had 17 spell levels left.
You knew the following spells:

 Your Spells              Type           Power      Damage    Failure   Level
a - Sandblast             Erth           88%        2d18      1%          1
b - Foxfire               Conj/Fire      28%        2x1d5     10%         1

Your spell library contained the following spells:

 Spells                   Type           Power      Damage    Failure   Level
 Passwall                 Tmut/Erth      23%        N/A       2%          2
 Stone Arrow              Conj/Erth      52%        3d10      6%          3
 Slow                     Hex            28%        N/A       10%         1
 Petrify                  Tmut/Erth      28%        N/A       19%         4
 Confusing Touch          Hex            7%         N/A       28%         3
 Conjure Flame            Conj/Fire      7%         6-21      28%         3
 Inner Flame              Hex/Fire       7%         N/A       28%         3
 Vampiric Draining        Necr           7%         2d6       28%         3
 Flame Wave               Conj/Fire      7%         2d5       67%         4


Dungeon Overview and Level Annotations

Branches:
Dungeon (5/15)             Temple (1/1) D:4

Altars:
Ashenzari
Cheibriados
Dithmenos
Elyvilon
Fedhas
Gozag
Hepliaklqana
Kikubaaqudgha
Nemelex Xobeh
Okawaru
Qazlal
Ru
Sif Muna
Trog
Vehumet
Wu Jian
Xom
Yredelemnul
Zin
The Shining One

Shops:
D:2 ((

Annotations:
D:5 Eustachio


Innate Abilities, Weirdness & Mutations

You are immune to sickness and miasma.
Your stone body is resilient. (AC +5)
You are immune to poison.
You resist negative energy. (rN+)
You are resistant to electric shocks. (rElec)
You are resistant to unholy torment.
You are immune to petrification.
You are partially covered in iridescent scales. (AC +2)
Your body sometimes deteriorates upon taking damage.


Message History

Eustachio gestures wildly while chanting.
Eustachio blinks!
Casting: Sandblast (safe; 1% risk of failure)
Confirm with . or Enter, or press ? or * to list all spells.
Aiming: Sandblast (safe; 1% risk of failure)
Press: ? - help, Shift-Dir - straight line, f - quasit
Aim: a quasit (summoned, 71% to hit)
The blast of sand misses the quasit.
The blast of sand hits the rat!!
You kill the rat!
The rat's corpse disappears in a puff of smoke!
The quasit bites you but does no damage.
The quasit claws you but does no damage. x2
The quasit barely misses you. The quasit closely misses you.
The quasit misses you.
Casting: Sandblast (safe; 1% risk of failure)
Confirm with . or Enter, or press ? or * to list all spells.
Aiming: Sandblast (safe; 1% risk of failure)
Press: ? - help, Shift-Dir - straight line, f/p - quasit
Aim: a quasit (summoned, 71% to hit)
The blast of sand hits the quasit!!
You kill the quasit!
The quasit disappears in a puff of smoke!
The white imp lashes its tail.
The iron imp picks up a beetle and eats it.
Casting: Sandblast (safe; 1% risk of failure)
Confirm with . or Enter, or press ? or * to list all spells.
Aiming: Sandblast (safe; 1% risk of failure)
Press: ? - help, Shift-Dir - straight line, f - iron imp
Aim: an iron imp (purple smoke, summoned, 89% to hit)
The blast of sand misses the iron imp.
The blast of sand misses the white imp.
The white imp shouts, "Give up, thou droning hasty-witted tinkerer!"
The iron imp barely misses you.
You completely miss the iron imp. The iron imp barely misses you.
The iron imp hits you.
* * * LOW HITPOINT WARNING * * *
You slash the iron imp!
The iron imp is almost dead.
The white imp lashes its tail.
The iron imp hits you.
You die...

##...............
#...........####
#....######.# .#
####....# #.# ...
####.###.# ....
###..#..# ..$..
#..(...##
......########....#.#
.....@55@..........>#
......###############
..... .... ... #+


You could see Eustachio, an iron imp (summoned) and a white imp (summoned).

Vanquished Creatures
  Sigmund (D:5)
  An ice beast (D:4)
  2 ogres
  2 bullfrogs
  A scorpion (D:4)
  A howler monkey (D:4)
  3 hounds (D:5)
  An orc priest (D:3)
  An iguana (D:4)
  2 orc wizards
  8 adders
  A worm (D:2)
  2 dart slugs
  10 orcs
  5 ball pythons
  7 endoplasms
  3 giant cockroaches
  8 goblins
  9 hobgoblins
  5 quokkas
  4 bats
  4 frilled lizards
  3 kobolds
  5 rats
89 creatures vanquished.

Vanquished Creatures (others)
  3 plants (D:3)
3 creatures vanquished.

Grand Total: 92 creatures vanquished

Notes
Turn   | Place    | Note
-------+----------+-------------------------------------------
     0 | D:1      | javelincjr the Gargoyle Earth Elementalist began the quest
                  | for the Orb.
     0 | D:1      | Reached XP level 1. HP: 10/10 MP: 3/3
    77 | D:1      | Reached skill level 4 in Earth Magic
   152 | D:1      | Reached XP level 2. HP: 15/15 MP: 3/5
  1139 | D:2      | Reached XP level 3. HP: 19/19 MP: 2/6
  1353 | D:2      | Found Quhysisy's Antique Weapon Shoppe.
  1729 | D:2      | Identified the +3 leather armour "Exoudd" {Contam rF+ rC+}
  1906 | D:2      | Found Uzxan's Antique Weapon Emporium.
  1914 | D:2      | Reached XP level 4. HP: 24/24 MP: 5/8
  2435 | D:3      | Reached skill level 5 in Earth Magic
  2458 | D:3      | Found a sacrificial altar of Ru.
  2521 | D:3      | HP: 1/24 [orc priest/divine providence (10)]
  2835 | D:3      | Reached XP level 5. HP: 28/28 MP: 1/10
  2974 | D:3      | Found a faded altar of an unknown god.
  3381 | D:4      | Found a staircase to the Ecumenical Temple.
  3404 | Temple   | Entered the Ecumenical Temple
  3518 | Temple   | Became a worshipper of Vehumet
  3662 | Temple   | Gained mutation: Your body sometimes deteriorates upon
                  | taking damage. [potion of mutation]
  3662 | Temple   | Gained mutation: Your magical capacity is low. (-10% MP)
                  | [potion of mutation]
  3662 | Temple   | Gained mutation: You are dopey. (Int -2) [potion of
                  | mutation]
  3837 | D:4      | Noticed an ice beast
  3851 | D:4      | Killed an ice beast
  3852 | D:4      | Reached skill level 1 in Armour
  3852 | D:4      | Reached XP level 6. HP: 32/32 MP: 2/11
  4327 | D:4      | Learned a level 1 spell: Foxfire
  4372 | D:4      | Reached skill level 6 in Earth Magic
  4373 | D:4      | Identified the +2 robe "Jozanotu" {Harm Archmagi}
  4378 | D:4      | Reached skill level 5 in Spellcasting
  4378 | D:4      | Reached XP level 7. HP: 15/36 MP: 0/13
  4923 | D:5      | Entered Level 5 of the Dungeon
  4952 | D:5      | Lost mutation: Your magical capacity is low. (-10% MP)
                  | [potion of mutation]
  4952 | D:5      | Lost mutation: You are dopey. (Int -2) [potion of mutation]
  4952 | D:5      | Gained mutation: You are partially covered in iridescent
                  | scales. (AC +2) [potion of mutation]
  5111 | D:5      | Noticed Sigmund
  5114 | D:5      | Killed Sigmund
  5115 | D:5      | Reached skill level 7 in Earth Magic
  5144 | D:5      | Identified the +6 battleaxe of the New World {flame,
                  | Fragile rF+ Int+6}
  5159 | D:5      | Reached XP level 8. HP: 42/42 MP: 16/16
  5371 | D:5      | Noticed Eustachio
  5387 | D:5      | Reached skill level 1 in Fighting
  5399 | D:5      | HP: 2/43 [ogre/+0 giant club (14)]
  5407 | D:5      | Slain by an iron imp

Illustrated notes

Levels and vault maps discovered:
D:1:      giann_horns, layout_basic, interstate_on_off
D:2:      cheibrodos_old_hovel, layout_loops_corners, serial_shops, shop,
          nicolae_shop_stone, kennysheep_crisscross
D:3:      layout_basic, nicolae_ru_awakened_eye, serial_bayou,
          serial_bayou_crossing, serial_bayou_shore_a, serial_bayou_lagoon_b,
          serial_bayou_pond_d, hellmonk_ecumenical_altar_arch_garden
D:4:      minmay_chambers_of_threes, layout_cave_pools,
          minmay_temple_entry_glassed_door, minivault_19
D:5:      layout_basic, uniq_sigmund, uniq_eustachio
Temple:   nicolae_temple_bog_church

Skill      XL: |  1  2  3  4  5  6  7  8 |
---------------+-------------------------+-----
Earth Magic    | 4 5 6 7 |  7.4
Spellcasting   | 3 4 5 6 |  6.1
Armour         | 1 2 |  2.3
Dodging        | 2 |  2.1
Fighting       | 1 |  1.1
Stealth        | 3 |  3.0
Axes           | |  0.3
Transmutations | |  0.7

Action                   |  1- 3 |  4- 6 |  7- 9 || total
-------------------------+-------+-------+-------++-------
Melee: Battleaxe         |       |       |    28 ||    28
       Dagger            |       |       |     3 ||     3
 Cast: Sandblast         |    47 |    81 |    25 ||   153
  Use: Potion            |       |    11 |     2 ||    13
       Scroll            |       |     3 |       ||     3
Armor: Leather armour    |       |    23 |    33 ||    56
Dodge: Dodged            |     3 |    15 |    38 ||    56
